 Dungeon Crawl Stone Soup version 0.27.0-1-g7a089689b8 (webtiles) character file.

Game seed: 8254885833217871538

67 pkoi the Slasher (level 3, 0/30 HPs)
             Began as a Minotaur Gladiator on Aug 3, 2021.
             Succumbed to an adder's poison
             ... on level 2 of the Dungeon.
             The game lasted 00:01:31 (1065 turns).

pkoi the Slasher (Minotaur Gladiator)               Turns: 1065, Time: 00:01:32

Health: 0/30       AC:  3    Str: 19    XL:     3   Next: 98%
Magic:  2/2        EV: 12    Int:  5    God:
Gold:   18         SH:  0    Dex: 11    Spells: 2/2 levels left

rFire    . . .     SeeInvis .   a - +0 long sword
rCold    . . .     Faith    .   (no shield)
rNeg     . . .     Spirit   .   b - +0 leather armour
rPois    .         Reflect  .   c - +0 hat
rElec    .         Harm     .   (no cloak)
rCorr    .         Rampage  .   (no gloves)
Will     .....                  (no boots)
Stlth    +.........             (no amulet)
HPRegen  0.10/turn              (no ring)
MPRegen  0.08/turn              (no ring)

@: lethally poisoned (0 -> -2)
A: horns 2, retaliatory headbutt
a: no special abilities


You were on level 2 of the Dungeon.
You visited 1 branch of the dungeon, and saw 2 of its levels.

You collected 18 gold pieces.

Inventory:

Hand Weapons
 a - a +0 long sword (weapon)
Missiles
 d - 3 throwing nets (quivered)
Armour
 b - a +0 leather armour (worn)
 c - a +0 hat (worn)
Scrolls
 e - a scroll of identify
 h - a scroll of torment


   Skills:
 - Level 2.4 Fighting
 + Level 5.9 Long Blades
 - Level 2.0 Throwing
 - Level 3.2 Dodging


You had 2 spell levels left.
You didn't know any spells.
Your spell library contained the following spells:

 Spells                   Type           Power      Damage    Failure   Level
 Shock                    Conj/Air       0%         1d3       54%         1
 Swiftness                Air            0%         N/A       88%         3
 Tukima's Dance           Hex            0%         N/A       88%         3
 Airstrike                Air            0%         N/A       99%         4
 Passage of Golubria      Tloc           N/A        N/A       99%         4
 Yara's Violent Unravell  Hex/Tmut       0%         3d3       100%        5
 Conjure Ball Lightning   Conj/Air       0%         3x3d6     100%        6
 Discord                  Hex            0%         N/A       100%        8
 Disjunction              Tloc           0%         N/A       100%        8


Dungeon Overview and Level Annotations

Branches:
Dungeon (2/15)

Altars:

Annotations:
D:2 Robin


Innate Abilities, Weirdness & Mutations

You have a pair of horns on your head.
You reflexively headbutt those who attack you in melee.


Message History

The adder bites you.
* * * LOW HITPOINT WARNING * * *
You are lethally poisoned!
The adder poisons you!
It was a potion of cancellation.
Your magical effects are unravelling.
You feel magically purged.
You feel less invigorated.
You feel less confused.
* * * LOW HITPOINT WARNING * * *
You feel very sick. The adder bites you but does no damage.
The frilled lizard barely misses you.
You riposte.
You barely miss the frilled lizard.
Your headbutt misses the frilled lizard.
You hit the adder.
You kill the adder!
* * * LOW HITPOINT WARNING * * *
You feel sick.
The goblin unwields a +0 dagger.
The goblin wields a +0 hunting sling.
The goblin shoots a stone.
The stone hits you but does no damage.
The frilled lizard bites you but does no damage.
You slash the hobgoblin!
You kill the hobgoblin!
* * * LOW HITPOINT WARNING * * *
You feel sick.
The goblin no longer looks unusually strong.
The goblin shoots a stone.
The stone barely misses you.
The frilled lizard completely misses you.
You furiously retaliate!
You headbutt the frilled lizard!
You kill the frilled lizard!
* * * LOW HITPOINT WARNING * * *
You feel sick.
The goblin shoots a stone.
The stone closely misses you.
* * * LOW HITPOINT WARNING * * *
You feel sick.
The goblin shoots a stone.
The stone barely misses you.
You aren't carrying any potions.
As you read the scroll labelled BYVEMICKEWA, it crumbles to dust.
It is a scroll of identify.
h - a scroll of torment
* * * LOW HITPOINT WARNING * * *
You feel sick.
The goblin shoots a stone.
The stone barely misses you.
You die...

._#..........#
#...)#J#####.# #.
###..#.g..g#### #.#
####..#..g..## #.#
#..#.###..## #.#
##.#...##..###.# #########
#.##...##..##.# #.......#
#..#....##.#..#####.....).#
##.##..†.#@##.............#
..##.).#..#.#####.......#
#..###....#.# #.......#
#...####.#.# #.......#
#.....)#†# #.......#
####....)# #<......#
#####.# #.†.....# ..#
#.......# #### #########


There were no monsters in sight!

Vanquished Creatures
  2 adders (D:2)
  5 ball pythons
  3 endoplasms
  2 giant cockroaches (D:1)
  8 goblins
  4 hobgoblins
  2 jackals (D:2)
  3 quokkas
  4 bats (D:1)
  A frilled lizard (D:2)
  5 kobolds
  5 rats
44 creatures vanquished.

Vanquished Creatures (others)
  6 plants (D:1)
6 creatures vanquished.

Grand Total: 50 creatures vanquished

Notes
Turn   | Place    | Note
-------+----------+-------------------------------------------
     0 | D:1      | pkoi the Minotaur Gladiator began the quest for the Orb.
     0 | D:1      | Reached XP level 1. HP: 18/18 MP: 0/0
    58 | D:1      | Reached skill level 4 in Long Blades
   103 | D:1      | Reached XP level 2. HP: 18/25 MP: 1/1
   668 | D:1      | Reached skill level 5 in Long Blades
   838 | D:2      | Reached XP level 3. HP: 30/30 MP: 2/2
   946 | D:2      | Found a faded altar of an unknown god.
  1035 | D:2      | Noticed Robin
  1064 | D:2      | HP: 1/30 [poisoned by an adder]
  1065 | D:2      | Succumbed to an adder's poison

Illustrated notes

Levels and vault maps discovered:
D:1:      psy_arrival_dodecagon, layout_basic, chequers_big_river
D:2:      minmay_evil_eye, layout_rooms, basic_ecumenical_altar, uniq_robin

Skill      XL: |  1  2 |
---------------+-------+-----
Long Blades    | 4 5 |  5.9
Fighting       | |  2.4
Throwing       | |  2.0
Dodging        | |  3.2

Action                   || total
-------------------------++-------
Melee: Long sword        ||    69
       Headbutt          ||    13
  Use: Potion            ||     2
       Scroll            ||     1
 Stab: Sleeping          ||     1
Armor: Leather armour    ||    22
Dodge: Dodged            ||    70
       Rpst.: Long sword ||    22
